[Event "*** Titled Tuesday Blitz"]
[Site "Chess.com"]
[Date "2019.04.02"]
[Round "2"]
[White "StoreySniper"]
[Black "melicg25"]
[Result "1/2-1/2"]
[WhiteElo "2495"]
[BlackElo "2312"]
[TimeControl "180+2"]
[EndTime "14:22:53 PDT"]
[Termination "Game drawn by repetition"]

1. e4 c5 2. Nf3 Nc6 3. Bb5 g6 4.
Bxc6 bxc6 5. c3 Bg7 6. d4 cxd4 7. cxd4 d6 8. Nc3 Nh6 9. O-O f6 10. h3 Nf7 11. Bd2 O-O 12. Rc1 e5 13. Qb3 Qe7 14. dxe5 fxe5 15. Ng5 Bd7 16. a3 Rab8 17. Qa2 Rxb2 18. Qxb2 Nxg5 19. Qb7 Ne6 20. Qxa7 Nc5 21.
Be3 Nd3 22. Rb1 Nf4 23. Bxf4 exf4 24. Rb7 Rd8 25. Rc1 f3 26. g3 Qe6 27. Qe3 Rf8 28. g4 h5 29. Qg5 Bc8 30. Rxg7+ Kxg7 31. gxh5 Qxh3 32. Qxg6+ Kh8 33. Qh6+ Kg8 34. Qg5+ Kh8 35. Qh6+ Kg8 36. Qg6+ Kh8 37. Qh6+ Kg8 38. Qg6+ Kh8 39.
Qh6+ Kg8 40. Qg5+ Kh8 41. Qh6+ 1/2-1/2

[Event "*** Titled Tuesday Blitz"]
[Site "Chess.com"]
[Date "2019.04.02"]
[Round "2"]
[White "Vrolijk"]
[Black "GMJimKnopf"]
[Result "1-0"]
[WhiteElo "2853"]
[BlackElo "2363"]
[TimeControl "180+2"]
[EndTime "14:22:57 PDT"]
[Termination "Vrolijk won by resignation"]

1. Nf3 g6 2. g3 Bg7 3. Bg2 d5 4. O-O e5 5. d3 Ne7 6. e4 O-O 7. exd5 Nxd5 8. Re1 Re8 9. Nc3 Nxc3 10. bxc3 Bd7 11. Bg5 f6 12. Be3 Bc6 13. c4 Nd7 14. Rb1 Nf8 15. Nd2 Bxg2 16. Kxg2 b6 17. Qf3 Ne6 18.
Qd5 Qe7 19. Nb3 f5 20. Bd2 Rad8 21. Qb7 Qd6 22. Bc3 a5 23. a4 Rb8 24. Qd5 Qxd5+ 25.
cxd5 Nd4 26. Bxd4 exd4 27. d6 Rxe1 28. dxc7 Rc8 29. Rxe1 Rxc7 30. Re8+ Kf7 31. Rb8 Rxc2 32. Rb7+ Kg8 33. Rxb6 Rc3 34. Nxa5 Rxd3 35. Nc6 Ra3 36. a5 d3 37. Rb8+ Kf7 38. Rd8 Bf6 39. Rd6 Be7 40.
Rxd3 Rxd3 41. Ne5+ Ke6 42. Nxd3 Kd5 43. Kf3 Kc4 44. Nf4 Bd6 45. Ne6 Kd5 46. Ng5 h6 47.
Nf7 Bf8 48. a6 Kc6 49. Ne5+ Kb6 50. Nxg6 Bd6 51. Nh4 f4 52. g4 Kxa6 53. Nf5 Bf8 54. h4 Kb5 55. Kxf4 Kc5 56. Ke5 1-0

[Event "*** Titled Tuesday Blitz"]
[Site "Chess.com"]
[Date "2019.04.02"]
[Round "2"]
[White "Alex_Terzi"]
[Black "fu24"]
[Result "1-0"]
[WhiteElo "2433"]
[BlackElo "2519"]
[TimeControl "180+2"]
[EndTime "14:23:04 PDT"]
[Termination "Alex_Terzi won by resignation"]

1. e4 e6 2. d4 d5 3. e5 c5 4. c3 Nc6 5. Nf3 Bd7 6. Be2 f6 7. exf6 Nxf6 8. O-O Bd6 9. Re1 O-O 10.
Bf1 Qc7 11. h3 Rae8 12. Bg5 h6 13. Be3 c4 14. Nbd2 e5 15. dxe5 Nxe5 16. Nxe5 Bxe5 17. Nf3 Bd6 18. Nh4 Bc6 19. Ng6 Rf7 20. Bd4 Ne4 21.
Qc2 Bh2+ 22. Kh1 Qd6 23. Nh4 Be5 24. f3 Bxd4 25. fxe4 Bb6 26. exd5 Rxe1 27. Rxe1 Qxd5 28. Nf3 Qh5 29. Bxc4 Bxf3 30. Bxf7+ Qxf7 31. gxf3 Qxf3+ 32. Qg2 Qf7 33. Qe4 Qxa2 34. Qe6+ Qxe6 35. Rxe6 Kf7 36. Rd6 Ke7 37. Rg6 Kf7 38. Rd6 Ke7 39. Rd3 Ke6 40. Kg2 Bc7 41. Kf3 a5 42. Ke4 b5 43. Rd5 b4 44. c4 a4 45. c5 a3 46. bxa3 bxa3 47. Rd3 Ba5 48. Rxa3 Bb4 49. Ra6+ Kd7 50. Kd5 1-0

[Event "*** Titled Tuesday Blitz"]
[Site "Chess.com"]
[Date "2019.04.02"]
[Round "2"]
[White "BasilSmash"]
[Black "MMSANCHEZ"]
[Result "0-1"]
[WhiteElo "2452"]
[BlackElo "2473"]
[TimeControl "180+2"]
[EndTime "14:23:04 PDT"]
[Termination "MMSANCHEZ won by resignation"]

1. e4 e6 2. d4 d5 3. Nd2 a6 4. Ngf3 Nf6 5. e5 Nfd7 6. Bd3 c5 7. c3 Nc6 8. O-O g5 9. Nb3 c4 10. Nxg5 cxd3 11. Nxe6 Qb6 12. Qh5 Nf6 13. Qh4 Bxe6 14. Qxf6 Rg8 15. f4 Be7 16. Qh6 Bf5 17. Qh5 Be4 18. g4 Kf8 19. h3 a5 20. Kh2 a4 21.
Nc5 Bxc5 22. dxc5 Qxc5 23. f5 Nxe5 24. Qh6+ Ke8 25. Be3 Rxg4 26. hxg4 Nxg4+ 27. Kg3 Qxe3+ 28. Qxe3 Nxe3 29. Rg1 Nxf5+ 30. Kf4 Ke7 31. c4 Nd6 32. cxd5 Ra5 33. Rae1 f5 34. Rg7+ Kf6 35. Rxh7 Rxd5 36. Rg1 Nf7 37. Rgg7 Ne5 38. Rxb7 Ng6+ 39. Ke3 d2 40. Rb6+ Kg5 41. Rg7 Rd3+ 42. Kf2 f4 43. Rb5+ Bf5 0-1

[Event "*** Titled Tuesday Blitz"]
[Site "Chess.com"]
[Date "2019.04.02"]
[Round "2"]
[White "mjray79"]
[Black "Caterpiller35"]
[Result "1-0"]
[WhiteElo "2175"]
[BlackElo "2219"]
[TimeControl "180+2"]
[EndTime "14:23:04 PDT"]
[Termination "mjray79 won by resignation"]

1. d4 Nf6 2. c4 e6 3. Nc3 Bb4 4. e3 Ne4 5. Ne2 O-O 6. a3 Bxc3+ 7. Nxc3 Nxc3 8. bxc3 b6 9. Be2 Ba6 10. O-O Nc6 11. e4 Na5 12. Qa4 d5 13. Re1 Bxc4 14. Bxc4 Nxc4 15. e5 c5 16. Bf4 cxd4 17. cxd4 f5 18.
exf6 Qxf6 19. Bg3 Rf7 20. Qc6 Raf8 21. Qxe6 Qxd4 22. Rad1 Qb2 23. Qxd5 Nxa3 24. f3 h6 25.
Bd6 Rc8 26. Re7 Rf8 27. Rxa7 Nb5 28. Ra2 Qxa2 29. Qxa2 Nc3 30. Qd2 Nxd1 31. Bxf8 Rxf8 32. Qd5+ Kh7 33. Qxd1 Rf6 34. Qb3 g6 35. Qd5 h5 36.
Qd8 Rf7 37. Qxb6 h4 38. Kf2 g5 39. Qb1+ Kh6 40. g3 g4 41. f4 hxg3+ 42. Kxg3 Kh5 43.
Qb5+ Kh6 44. Kxg4 Rg7+ 45. Kh4 Rg2 46. Qh5+ Kg7 47. Qg5+ 1-0

[Event "*** Titled Tuesday Blitz"]
[Site "Chess.com"]
[Date "2019.04.02"]
[Round "2"]
[White "EvgenyT"]
[Black "Ginger_GM"]
[Result "1-0"]
[WhiteElo "2948"]
[BlackElo "2604"]
[TimeControl "180+2"]
[EndTime "14:23:05 PDT"]
[Termination "EvgenyT won by resignation"]

1. e4 e6 2. d4 d5 3. Nc3 Nf6 4. e5 Nfd7 5. f4 c5 6. Nf3 Nc6 7. Be3 Be7 8. Qd2 O-O 9. Be2 b6 10. O-O f6 11. exf6 Nxf6 12. Bb5 Bb7 13. Rae1 Qc7 14.
h3 Ne4 15. Nxe4 dxe4 16. Bxc6 Bxc6 17. Ne5 Rad8 18. c3 Bb7 19. Kh2 a5 20. Qf2 cxd4 21. Bxd4 Bc5 22. Rd1 a4 23. Bxc5 bxc5 24. Qe3 Rd5 25.
c4 Rdd8 26. b3 axb3 27. axb3 g6 28. Kg3 Kg7 29. h4 h6 30. Rxd8 Rxd8 31. Ra1 Ba8 32. Ra6 g5 33. hxg5 hxg5 34. Rxe6 Rf8 35. Rg6+ Kh7 36. Rxg5 Rf6 37. Ng4 Rg6 38. Rxg6 Kxg6 39. Qc3 Qe7 40. Qe5 Qd8 41. f5+ Kh7 42. f6 Qd3+ 43. Kh4 Kg6 44. Qg5+ Kf7 45. Ne5+ Ke6 46. Nxd3 1-0

[Event "*** Titled Tuesday Blitz"]
[Site "Chess.com"]
[Date "2019.04.02"]
[Round "2"]
[White "INLOVEWITHF"]
[Black "novocane"]
[Result "1-0"]
[WhiteElo "2272"]
[BlackElo "2194"]
[TimeControl "180+2"]
[EndTime "14:23:06 PDT"]
[Termination "INLOVEWITHF won by resignation"]

1. e4 c5 2. Nc3 Nc6 3. Nf3 e5 4. Bc4 Be7 5. d3 d6 6. a4 Nf6 7.
h3 O-O 8. g4 Be6 9. Nd5 Rb8 10.
g5 Nh5 11. Nxe5 Nxe5 12. Qxh5 Bxg5 13. f4 Nxc4 14. dxc4 Bh4+ 15. Kd1 f5 16. Rg1 Bxd5 17. exd5 Qe7 18. Qe2 Qf7 19. Bd2 Rfe8 20. Qf3 Re4 21. Bc3 Bf6 22. Kd2 Rxc4 23. Rae1 Bxc3+ 24. bxc3 Re4 25. Rxe4 Qxd5+ 26. Ke3 fxe4 27. Qxe4 Qxe4+ 28. Kxe4 Rf8 29. a5 b6 30. a6 Rf6 31. f5 g6 32. fxg6 hxg6 33.
Kd5 Kf7 34. Kc6 Rf4 35. Kb7 b5 36. Kxa7 b4 37. Kb7 bxc3 38. Ra1 Rb4+ 39. Kc7 Re4 40. a7 1-0

[Event "*** Titled Tuesday Blitz"]
[Site "Chess.com"]
[Date "2019.04.02"]
[Round "2"]
[White "pedro_gines"]
[Black "maestroza"]
[Result "1-0"]
[WhiteElo "2443"]
[BlackElo "2475"]
[TimeControl "180+2"]
[EndTime "14:23:07 PDT"]
[Termination "pedro_gines won on time"]

1. d4 Nf6 2. Nf3 e6 3. g3 b5 4. Bg2 Bb7 5. O-O c5 6. c3 Na6 7.
a4 b4 8. a5 Be7 9. Bg5 O-O 10.
Nbd2 Rc8 11. Re1 bxc3 12. bxc3 cxd4 13. cxd4 Nb4 14. Bxf6 Bxf6 15. Qb3 Be7 16. Ra4 Bd5 17. Qb1 Rb8 18. e4 Bc6 19. Ra3 Na6 20. Rb3 Qxa5 21.
Nc4 Qa4 22. Nfd2 Bb4 23. d5 Bxd2 24. Nxd2 Rxb3 25. Qxb3 Qxb3 26. Nxb3 Ba4 27. Nd4 Nc5 28. Rc1 d6 29. Ra1 a6 30. dxe6 fxe6 31. Nxe6 Nxe6 32. Rxa4 Nc5 33. Rd4 Rf6 34. f4 Kf7 35. Rd5 Nd7 36. e5 Nb6 37. exf6 Nxd5 38. Bxd5+ Kxf6 39. Kf2 Ke7 40. Ke3 Kd7 41. Kd4 Kc7 42. g4 Kd7 43. h4 Ke7 44. g5 Kd7 45. f5 Ke7 46. h5 h6 47. f6+ Kf8 48. fxg7+ Kxg7 49. g6 Kf6 50. Kc4 1-0

[Event "*** Titled Tuesday Blitz"]
[Site "Chess.com"]
[Date "2019.04.02"]
[Round "2"]
[White "DoHoChess"]
[Black "ALeks_Ivlev"]
[Result "1-0"]
[WhiteElo "2552"]
[BlackElo "2485"]
[TimeControl "180+2"]
[EndTime "14:23:08 PDT"]
[Termination "DoHoChess won by resignation"]

1. c4 c6 2. Nf3 Nf6 3. e3 d5 4. d4 e6 5. Nc3 Nbd7 6. Qc2 Bd6 7.
Bd3 dxc4 8. Bxc4 O-O 9. O-O b5 10. Be2 a6 11. e4 e5 12. Bg5 h6 13. Bh4 Qc7 14. h3 Re8 15. Rad1 exd4 16. Nxd4 b4 17. Na4 Rxe4 18. Bxf6 Nxf6 19. Bf3 Rh4 20.
Qxc6 Ra7 21. Nb6 Bb7 22. Qxc7 Bxc7 23. Na4 Be5 24. Nf5 Bxf3 25. Rd8+ Kh7 26. Nxh4 Be2 27. Re1 Bc7 28. Rd4 Bb5 29. Rxb4 Ba5 30. Rxb5 axb5 31. Nc3 b4 32. Na4 b3 33. Ra1 bxa2 34. Rxa2 Rc7 35.
b3 Rc1+ 36. Kh2 Ne4 37. Nf3 Bb4 38. Re2 f5 39. g4 g6 40. gxf5 gxf5 41. Nd4 Nd2 42. Nxf5 Kg6 43. Nh4+ Kg5 44. Rxd2 Kxh4 45. Rd4+ Kg5 46. Rxb4 Rc2 47. Rb5+ Kf4 48. Kg2 h5 49.
Rb4+ Kf5 50. Nb6 Rd2 51. Nc4 Rd4 52. Ne3+ Ke4 53. Rxd4+ Kxd4 54. Kf3 1-0

[Event "*** Titled Tuesday Blitz"]
[Site "Chess.com"]
[Date "2019.04.02"]
[Round "2"]
[White "swisspower96"]
[Black "Grischuk"]
[Result "0-1"]
[WhiteElo "2609"]
[BlackElo "3070"]
[TimeControl "180+2"]
[EndTime "14:23:09 PDT"]
[Termination "Grischuk won by resignation"]

1. d4 Nf6 2. c4 g6 3. Nc3 Bg7 4. Nf3 d6 5. g3 O-O 6. Bg2 Nbd7 7.
O-O e5 8. e4 exd4 9. Nxd4 Re8 10. h3 Nc5 11. Re1 Bd7 12. b4 Ne6 13. Be3 a5 14.
bxa5 Rxa5 15. Nb3 Ra8 16. Rc1 Bc6 17. Qc2 Nd7 18. Rcd1 b6 19. Nd5 Qc8 20. f4 Bxd5 21.
cxd5 Nec5 22. Nd4 Ra3 23. Nc6 Qa6 24. Nb4 Qa4 25. Qxa4 Nxa4 26. Bf2 Bc3 27. Nc2 Rxa2 28. Re2 Bg7 29. Nd4 Bxd4 30. Rxa2 Bxf2+ 31. Rxf2 Ndc5 32. Rd4 Nc3 33. Kh2 N3xe4 34. Re2 f5 35. Ra2 Kf7 36. Ra7 Re7 37. g4 h6 38. gxf5 gxf5 39. Bf3 Nc3 40.
Rd2 Kf6 41. Rg2 b5 42. Bh5 Rg7 43. Rxg7 Kxg7 44. Rxc7+ Kg8 45. Bf7+ Kf8 46. Bg6 b4 47. Bxf5 Nxd5 48. Rc8+ Ke7 49. Rb8 Kf6 50. Bh7 b3 51. Rb4 Nxb4 0-1

[Event "*** Titled Tuesday Blitz"]
[Site "Chess.com"]
[Date "2019.04.02"]
[Round "2"]
[White "VovenRogel"]
[Black "martinmartinez95"]
[Result "0-1"]
[WhiteElo "2680"]
[BlackElo "2557"]
[TimeControl "180+2"]
[EndTime "14:23:09 PDT"]
[Termination "martinmartinez95 won by resignation"]

1. d4 Nf6 2. c4 e6 3. Nf3 d5 4. Nc3 Nbd7 5. Qc2 Be7 6. Bf4 c6 7. e3 O-O 8. Bd3 dxc4 9. Bxc4 b5 10. Bd3 b4 11. Ne4 Bb7 12. Nd6 Qb6 13. Nxb7 Qxb7 14.
e4 g6 15. Bh6 Rfc8 16. O-O c5 17. d5 exd5 18. exd5 Nxd5 19. Rfe1 Bf6 20. Rad1 N7b6 21.
Be4 c4 22. Bxd5 Nxd5 23. Qe4 Rd8 24. Qxc4 Bxb2 25. Qe4 Rab8 26. Ne5 Bc3 27. Rf1 Qe7 28. f4 Qc5+ 29. Kh1 Ne3 30. Rxd8+ Rxd8 31. Rg1 Nf5 32.
Bg5 Re8 33. Bf6 Qd6 34. g4 Qxf6 35. gxf5 Bxe5 36. fxg6 hxg6 37. fxe5 Rxe5 38. Qa8+ Kg7 39. Qg2 Rc5 40. Rf1 Qc6 41. Qxc6 Rxc6 42. Rf4 a5 0-1

[Event "*** Titled Tuesday Blitz"]
[Site "Chess.com"]
[Date "2019.04.02"]
[Round "2"]
[White "Paparama_1917"]
[Black "PelinGorki"]
[Result "0-1"]
[WhiteElo "2518"]
[BlackElo "2517"]
[TimeControl "180+2"]
[EndTime "14:23:13 PDT"]
[Termination "PelinGorki won by resignation"]

1. e4 d6 2. d4 Nf6 3. Nc3 c6 4. f4 Qa5 5. Bd3 e5 6. Nf3 exd4 7. Nxd4 Qb6 8. Nf3 g6 9. Qe2 Bg7 10. e5 dxe5 11. fxe5 Nd5 12. Nxd5 cxd5 13. Be3 Qxb2 14. O-O Nc6 15. Bc5 Bf8 16. Bxf8 Qb6+ 17. Kh1 Rxf8 18. e6 Bxe6 19. Rab1 Qc7 20. Bb5 O-O-O 21.
Rb3 Rfe8 22. Rfb1 Bg4 23. Qf2 Re4 24. Bxc6 bxc6 25. Nd4 Rde8 26. h3 Bd7 27. Nf3 f6 28. Qc5 Re2 29. Qa3 R8e4 30. Qa6+ Kd8 31. Rb8+ Ke7 32. Qa3+ Qd6 33. Qd3 R4e3 34. Qd1 Qg3 35. Qf1 Bxh3 36. gxh3 Rf2 37. Qxf2 Qxf2 38. Ng1 Re1 39.
R8b7+ Kd6 40. Rxe1 Qxe1 41. Rb3 Qe4+ 42. Kh2 Qxc2+ 43.
Kg3 Qxa2 44. Rf3 f5 45. Re3 f4+ 46. Kxf4 Qh2+ 0-1

[Event "*** Titled Tuesday Blitz"]
[Site "Chess.com"]
[Date "2019.04.02"]
[Round "2"]
[White "Gareth-Bale11"]
[Black "IamSchrodingersCat"]
[Result "1-0"]
[WhiteElo "2701"]
[BlackElo "2400"]
[TimeControl "180+2"]
[EndTime "14:23:14 PDT"]
[Termination "Gareth-Bale11 won on time"]

1. d4 g6 2. Nf3 Bg7 3. c4 d6 4. Nc3 Nd7 5. e3 e5 6. Be2 Ngf6 7. Qc2 O-O 8. b3 Re8 9. Bb2 e4 10.
Nd2 Qe7 11. O-O-O Nf8 12. h3 h5 13. Rhg1 N8h7 14. Rde1 c6 15. Kb1 Ng5 16. g4 Nxh3 17.
gxh5 Nxg1 18. Rxg1 gxh5 19. Qd1 Bg4 20. Bxg4 hxg4 21.
Ne2 d5 22. Nf4 Qd7 23. cxd5 cxd5 24. Nf1 Rac8 25. Nh2 Kf8 26. Ba3+ Kg8 27. Nxg4 Nxg4 28. Rxg4 f5 29. Rg5 Rc6 30. Nh5 Rec8 31. Rxg7+ Qxg7 32. Nxg7 Kxg7 33. Be7 Kf7 34. Bg5 Kg6 35. Bf4 b5 36.
Qg1+ Kf7 37. Be5 b4 38. Qg7+ Ke8 39. Qg1 a5 40. Qd1 Kd7 41. Qf1 Ke6 42. Bf4 Kf7 43. a3 Rc3 44. Qd1 1-0

[Event "*** Titled Tuesday Blitz"]
[Site "Chess.com"]
[Date "2019.04.02"]
[Round "2"]
[White "biostatistician"]
[Black "GataKamsky1974"]
[Result "1/2-1/2"]
[WhiteElo "2563"]
[BlackElo "2756"]
[TimeControl "180+2"]
[EndTime "14:23:15 PDT"]
[Termination "Game drawn by repetition"]

1. d4 d5 2. Nf3 Nf6 3. c4 c6 4.
cxd5 cxd5 5. Nc3 Nc6 6. Bf4 a6 7. Rc1 e6 8. e3 Bd6 9. Bxd6 Qxd6 10. Be2 O-O 11. O-O Bd7 12. Na4 Rab8 13. Nc5 Rfd8 14.
a3 Be8 15. b4 a5 16. b5 Na7 17. a4 b6 18. Na6 Rbc8 19. Qb3 Ne4 20. Bd3 Nf6 21.
Ne5 Qe7 22. h3 h6 23. Qb2 Rxc1 24. Rxc1 Rc8 25. Rxc8 Nxc8 26. Qc3 Nd6 27. f3 Qd8 28. g4 Qc8 29. Qxc8 Nxc8 30. Kf2 Kf8 31. e4 g5 32. Ke3 Ke7 33. Bc2 Na7 34. Bb3 Kd6 35. Nxf7+ Bxf7 36. e5+ Ke7 37. exf6+ Kxf6 38. f4 Nc8 39. Bc2 Ke7 40.
Kf3 Kd6 41. Kg3 Ne7 42. h4 gxf4+ 43. Kxf4 Bg6 44. Bd1 Bd3 45. h5 Be4 46. Nb8 Kc7 47.
Na6+ Kd6 48. Nb8 Kc7 49. Na6+ Kd6 50. Nb8 Kc7 51. Na6+ Kd6 52. Nb8 Kc7 53. Na6+ Kd6 1/2-1/2

[Event "*** Titled Tuesday Blitz"]
[Site "Chess.com"]
[Date "2019.04.02"]
[Round "2"]
[White "Vamostodorecto"]
[Black "Floatingdream1"]
[Result "0-1"]
[WhiteElo "2509"]
[BlackElo "2821"]
[TimeControl "180+2"]
[EndTime "14:23:16 PDT"]
[Termination "Floatingdream1 won by resignation"]

1. d4 Nf6 2. c3 b6 3. Nf3 Bb7 4. Bf4 g6 5. Nbd2 Bg7 6. h3 O-O 7. e3 d6 8. Be2 Nbd7 9. O-O Re8 10. Bh2 e5 11. a4 a6 12. Qb3 Rb8 13. Bc4 Qe7 14. Ng5 d5 15. Be2 e4 16. h4 Rbc8 17. Nh3 c5 18. Rfe1 c4 19. Qa3 Qd8 20. Bf4 Nf8 21.
Be5 Rxe5 22. dxe5 N6d7 23. f4 exf3 24. Nxf3 Nxe5 25. Nxe5 Bxe5 26. h5 Ne6 27. hxg6 hxg6 28. Qa2 Qh4 29. Bf3 Nc5 30. Rad1 Nd3 31. Re2 Qg3 32.
Red2 Re8 33. Rxd3 cxd3 34. c4 Qh2+ 35. Kf1 Bg3 36. Rxd3 Qh1+ 37. Ng1 Bh2 38. cxd5 Qxg1+ 39. Ke2 Bg3 40. Kd2 Qe1+ 41. Kc2 Rxe3 42. Rxe3 Qxe3 43. Qc4 Qc5 44. Qxc5 bxc5 45. Kc3 Bd6 46. Kc4 Kg7 47. Bg4 Kf6 48. Bd7 Ke7 49. Bg4 f5 50. Bf3 Kf6 51.
Bd1 Ke5 52. Bc2 Bxd5+ 53. Kc3 Bxg2 54. Bd3 a5 0-1

[Event "*** Titled Tuesday Blitz"]
[Site "Chess.com"]
[Date "2019.04.02"]
[Round "2"]
[White "SaraciNderim"]
[Black "adriangschnitzer"]
[Result "1-0"]
[WhiteElo "2736"]
[BlackElo "2395"]
[TimeControl "180+2"]
[EndTime "14:23:22 PDT"]
[Termination "SaraciNderim won by resignation"]

1. e4 c5 2. Nf3 Nc6 3. d4 cxd4 4. Nxd4 g6 5. c4 Bg7 6. Be3 Nf6 7. Nc3 Ng4 8. Qxg4 Nxd4 9. Qd1 Ne6 10. Qd2 Qa5 11.
Rc1 b6 12. Be2 Bb7 13. f3 g5 14. O-O h5 15. Rfd1 Bc6 16. a3 Qe5 17. b4 d6 18.
Nd5 Kf8 19. h4 f6 20. hxg5 fxg5 21. Rf1 Bxd5 22. cxd5 Nf4 23. Ba6 h4 24. Rc4 h3 25.
g3 Ng6 26. f4 gxf4 27. gxf4 Qh5 28. e5 Nh4 29. Kh1 Qg4 30. Rfc1 Qf3+ 31. Kh2 Qg4 32.
Kh1 Qf3+ 33. Kh2 Nf5 34. Rc8+ Rxc8 35. Rxc8+ Kf7 36. Rxh8 Bxh8 37. e6+ Kf8 38. Bg1 Qg3+ 39. Kh1 Nh4 40. Qf2 Qg4 41. Be2 Qg2+ 42. Qxg2 Nxg2 43. Bh2 Bb2 44. Bf1 Bxa3 45. b5 Bc1 46. Bxg2 hxg2+ 47. Kxg2 Kg7 48. Kf3 Kf6 49. Ke4 Bd2 50. Bg1 Bc1 51. Bd4+ Kg6 52. f5+ Kg5 53. f6 1-0

[Event "*** Titled Tuesday Blitz"]
[Site "Chess.com"]
[Date "2019.04.02"]
[Round "2"]
[White "nubair1198"]
[Black "Thee-Chessboy"]
[Result "1-0"]
[WhiteElo "2654"]
[BlackElo "2403"]
[TimeControl "180+2"]
[EndTime "14:23:22 PDT"]
[Termination "nubair1198 won by resignation"]

1. d4 Nf6 2. c4 g6 3. Nc3 Bg7 4. e4 d6 5. Nf3 O-O 6. Be2 e5 7. O-O Nbd7 8. Be3 h6 9. h3 c6 10.
Qd2 Kh7 11. b4 Nh5 12. Rad1 Qf6 13. c5 dxc5 14. dxe5 Nxe5 15. Bxc5 Re8 16. Nxe5 Qxe5 17.
Bd4 Qxd4 18. Qxd4 Bxd4 19. Rxd4 Nf4 20. Bc4 Kg7 21. Rfd1 Be6 22. Bxe6 Rxe6 23. Rd7 b5 24. Rc7 a5 25. a3 axb4 26. axb4 Ra3 27. Rdd7 Rxc3 28. Rxf7+ Kg8 29. Rxf4 Rc1+ 30. Kh2 Rc4 31. f3 Rxb4 32. Rff7 Rd4 33. Rg7+ Kf8 34. Rh7 Kg8 35. Rcg7+ Kf8 36. Rb7 Kg8 37. Rxh6 b4 38. h4 c5 39. h5 Rdd6 40. Rc7 Rc6 41. Rb7 gxh5 42. Rxh5 Rh6 43. Rxh6 Rxh6+ 44. Kg3 Rd6 45. e5 Rd2 46. f4 Rb2 47. f5 c4 48. f6 b3 49.
e6 Re2 50. Rb8+ Kh7 51. f7 1-0

[Event "*** Titled Tuesday Blitz"]
[Site "Chess.com"]
[Date "2019.04.02"]
[Round "2"]
[White "Fandorine"]
[Black "Witik"]
[Result "1-0"]
[WhiteElo "2858"]
[BlackElo "2621"]
[TimeControl "180+2"]
[EndTime "14:23:26 PDT"]
[Termination "Fandorine won by resignation"]

1. e4 c6 2. d4 d5 3. e5 Bf5 4. h4 Qb6 5. g4 Bd7 6. Nc3 h5 7. gxh5 Bf5 8. Na4 Qc7 9. Nc5 e6 10.
Nd3 Nh6 11. c3 Nd7 12. Nh3 O-O-O 13. Bf4 c5 14. Qd2 c4 15. Nc1 Be4 16. Rg1 Nf5 17. Ng5 Nxh4 18. Be2 Nb6 19. Nxe4 dxe4 20. Qe3 Qc6 21.
Bg5 Nf5 22. Qf4 Rd7 23. a4 f6 24. exf6 Bd6 25. Qg4 e3 26. Bxe3 gxf6 27. Bd2 Rg7 28. Qxg7 Nxg7 29. Rxg7 Qh1+ 30. Bf1 Rxh5 31. Ne2 Qc6 32.
a5 Nd5 33. a6 Rh1 34. axb7+ Kb8 35. Ng1 Bc7 36. O-O-O Kxb7 37. Bg2 Rh2 38. Bxd5 Qxd5 39. Rxc7+ Kxc7 40. Bf4+ Kd7 41. Bxh2 Qg5+ 42. Kb1 Qf5+ 43.
Ka1 Qa5+ 44. Kb1 Qf5+ 45. Ka1 Qxf2 46. Bb8 a5 47. Kb1 a4 48. Kc1 Kc6 49. Ba7 a3 50. d5+ exd5 51. Bxf2 a2 52. Kc2 1-0

[Event "*** Titled Tuesday Blitz"]
[Site "Chess.com"]
[Date "2019.04.02"]
[Round "2"]
[White "Zq1"]
[Black "kasparicy"]
[Result "1/2-1/2"]
[WhiteElo "2531"]
[BlackElo "2326"]
[TimeControl "180+2"]
[EndTime "14:23:26 PDT"]
[Termination "Game drawn by agreement"]

1. d4 Nf6 2. c4 g6 3. Nc3 d5 4.
Nf3 Bg7 5. cxd5 Nxd5 6. Bd2 O-O 7. Rc1 Nb6 8. Bg5 Nc6 9. e3 Bg4 10. Be2 h6 11. Bf4 Qd7 12. h3 Bxf3 13. Bxf3 Rad8 14. O-O Nc4 15. Ne4 e5 16. Nc5 Qc8 17. Rxc4 exf4 18.
Bxc6 bxc6 19. exf4 Rd5 20. Qa4 Rfd8 21. Qxc6 Bxd4 22.
Ne4 Qf5 23. Ng3 Qxf4 24. Kh1 Qd2 25. Rc2 Qd3 26. b3 R8d7 27. Qc4 Qxc4 28. Rxc4 Bb6 29.
Ne4 Kg7 30. g3 Rd1 31. Rxd1 Rxd1+ 32. Kg2 Ra1 33. Rc2 Rd1 34. Nc3 Rd3 35. Nb5 Rd7 36. b4 a5 37. bxa5 Bxa5 38. Na7 Bb6 39. Nc6 Rd5 40.
Kf3 Rf5+ 41. Ke4 Bxf2 42. g4 Rf6 43. a4 Re6+ 44. Kf3 Be1 45. a5 Rxc6 46. Rxc6 Bxa5 47. Ke4 Bb6 48. Ke5 Ba5 49. h4 Be1 50. h5 Bg3+ 51. Ke4 Bd6 52. Ra6 Kf6 53. Ra5 Kg7 54. Rd5 Kf6 55. Rb5 Ke6 56. Rb3 Kf6 57. Rb5 Ke6 58. Ra5 Kf6 59. Rd5 Kg7 60. Rb5 Kf6 61. Rd5 Ke6 62.
Rb5 Kf6 63. Rd5 Kg7 64. Rb5 1/2-1/2

[Event "*** Titled Tuesday Blitz"]
[Site "Chess.com"]
[Date "2019.04.02"]
[Round "2"]
[White "chessking2151"]
[Black "kuli4ik"]
[Result "0-1"]
[WhiteElo "2565"]
[BlackElo "2773"]
[TimeControl "180+2"]
[EndTime "14:23:27 PDT"]
[Termination "kuli4ik won by resignation"]

1. e4 g6 2. d4 Bg7 3. Nf3 d6 4. Nc3 a6 5. Be2 b5 6. O-O Bb7 7.
a4 b4 8. Na2 a5 9. c3 Bxe4 10.
cxb4 axb4 11. Nxb4 Nf6 12. Ng5 Bb7 13. a5 h6 14. Nf3 Qc8 15. Qa4+ Qd7 16. Qb3 O-O 17. a6 c5 18. dxc5 dxc5 19. Nd3 Nxa6 20. Nde5 Qc7 21. Bf4 Bd5 22. Qe3 Qb7 23. h3 Kh7 24. Rae1 e6 25. Rd1 Rad8 26. Ra1 Nb4 27. Rfc1 Be4 28.
Nd2 Nbd5 29. Qg3 Nxf4 30. Qxf4 Bxg2 31. Ra3 Qxb2 32. Ndc4 Qxe2 33. Kxg2 Rd4 34. Qf3 Qxf3+ 35.
Kxf3 Nd7 36. Nc6 Rd5 37. Ne7 Rh5 38. Kg2 Re8 39. Nc6 Rg5+ 40. Kh1 Rc8 41. Ne7 Rc7 42.
Ra8 Ne5 43. Nxe5 Bxe5 44. Nc8 Kg7 45. Nb6 Bd4 46. Rc2 c4 47. Nxc4 Rgc5 48. Ra4 Bxf2 49. Kg2 Bh4 50. Kf3 Bf6 51. Ke4 Rd7 52. Ke3 Rd4 53. Rb4 Rh4 54. Kd3 Rxh3+ 55. Ke2 Rh2+ 56. Kd3 Rxc2 57. Kxc2 h5 0-1

[Event "*** Titled Tuesday Blitz"]
[Site "Chess.com"]
[Date "2019.04.02"]
[Round "2"]
[White "mbojan"]
[Black "Sashadav97"]
[Result "1-0"]
[WhiteElo "2508"]
[BlackElo "2531"]
[TimeControl "180+2"]
[EndTime "14:23:27 PDT"]
[Termination "mbojan won by resignation"]

1. e4 c5 2. Nf3 Nc6 3. d4 cxd4 4. Nxd4 Nf6 5. Nc3 d6 6. Be2 e5 7. Nf3 h6 8. O-O Be7 9. Nd2 O-O 10. Nc4 a6 11. Ne3 b5 12. Ned5 Be6 13. Be3 b4 14. Nxf6+ Bxf6 15. Nd5 Bg5 16. Bb6 Qd7 17. f3 Ne7 18.
Nc7 Rab8 19. Nxe6 fxe6 20. Bf2 Qc6 21. a3 bxa3 22. Rxa3 Rxb2 23. Rxa6 Qxc2 24. Bd3 Qc7 25. h4 Rd2 26. Qb3 Rxf2 27. Rxf2 Be3 28. Qxe6+ Kh8 29. Ra2 Nc6 30. Qc4 Qb6 31. Qb5 Qxb5 32. Bxb5 Nd4 33. Bc4 Rc8 34. Bd5 Rc1+ 35. Kh2 Bxf2 36.
Rxf2 Rc2 37. Rf1 g5 38. hxg5 hxg5 39. Kh3 Ne2 40. Kg4 Kg7 41. Ra1 Nd4 42. g3 Rf2 43. Ra7+ Kg6 44. Ra6 Nxf3 45. Rxd6+ Kg7 46. Rd7+ Kg6 47.
Bf7+ Kf6 48. Bd5 Nh2+ 49. Kh5 1-0

[Event "*** Titled Tuesday Blitz"]
[Site "Chess.com"]
[Date "2019.04.02"]
[Round "2"]
[White "Joseph_Truelson"]
[Black "HanSchut"]
[Result "1-0"]
[WhiteElo "2282"]
[BlackElo "2183"]
[TimeControl "180+2"]
[EndTime "14:23:27 PDT"]
[Termination "Joseph_Truelson won by resignation"]

1. d4 Nf6 2. Nc3 d5 3. Bf4 e6 4. Nb5 Na6 5. e3 c6 6. Nc3 Nc7 7. Nf3 Bd6 8. Bd3 O-O 9. O-O b6 10. Ne5 Bb7 11. Bg3 c5 12. f4 Ne4 13. Bxe4 dxe4 14.
Qh5 cxd4 15. exd4 f6 16. Ng4 Qe8 17. Qh3 Nb5 18. Nxb5 Qxb5 19. Ne3 f5 20. b3 Qd7 21. c4 Bb4 22. Rad1 Bc3 23. Kh1 Rad8 24. d5 Qf7 25. Bh4 Rd7 26. dxe6 Qxe6 27. Rxd7 Qxd7 28. Rd1 Qe6 29. Nd5 Bf6 30. Bxf6 gxf6 31. Ne3 Qe7 32. Qg3+ Kh8 33. Kg1 Rd8 34. Rxd8+ Qxd8 35. Qe1 Qd4 36. Kf2 b5 37. Qd1 Qxd1 38. Nxd1 bxc4 39. bxc4 Ba6 40. Ne3 Kg7 41. Ke1 Kg6 42. Kd2 h5 43. Kc3 h4 44.
g3 h3 45. Kd4 Bc8 46. Kd5 Kf7 47. a3 Ke7 48. Kc6 Be6 49. c5 Bb3 50. Kb7 Kd7 51.
c6+ Kd8 52. c7+ 1-0